 Dungeon Crawl Stone Soup version 0.30-a0-364-gf6b3ef1049 (webtiles) character file.

Game seed: 9673939281432535716

22339 billz999 the Skirmisher (level 12, -12/96 HPs)
             Began as a Gnoll Hunter on Nov 14, 2022.
             Was a Believer of Kikubaaqudgha.
             Mangled by a death yak (25 damage)
             ... on level 2 of the Lair of Beasts.
             The game lasted 00:25:46 (13244 turns).

billz999 the Skirmisher (Gnoll Hunter)             Turns: 13244, Time: 00:25:48

Health: -12/96     AC:  9    Str: 13    XL:     12   Next: 99%
Magic:  24/24      EV: 17    Int: 13    God:    Kikubaaqudgha [**....]
Gold:   622        SH:  0    Dex: 15    Spells: 18/27 levels left

rFire   . . .      SeeInvis .    a - +10 shortbow "Fyfanniff" {vorpal, rPois rN+ Str-3}
rCold   . . .      Faith    .    (shield currently unavailable)
rNeg    + . .      Spirit   .    v - +2 robe "Rabivef" {Int+4}
rPois   +          Reflect  .    B - +1 helmet
rElec   .          Harm     .    y - +0 cloak
rCorr   .          Rampage  .    (no gloves)
Will    .....                    A - +0 pair of boots
Stlth   ++++......               k - amulet of the acrobat
HPRegen 0.36/turn                l - +4 ring of slaying
MPRegen 0.19/turn                V - ring of poison resistance

@: no status effects
A: fangs 1, strong nose, distributed training
a: Renounce Religion, Unearth Wretches


You were on level 2 of the Lair of Beasts.
You worshipped Kikubaaqudgha.
Kikubaaqudgha was pleased with you.
You visited 3 branches of the dungeon, and saw 13 of its levels.
You also visited: Sewer.

You collected 1592 gold pieces.
You spent 970 gold pieces at shops.

Inventory:

Hand Weapons
 a - the +10 shortbow "Fyfanniff" (weapon) {vorpal, rPois rN+ Str-3}
   (You bought it in a shop on level 9 of the Dungeon)

   Any ammunition fired from it inflicts extra damage upon your enemies.
   Str:       It affects your strength (-3).
   rPois:     It protects you from poison.
   rN:        It protects you from negative energy.
 b - the +7 rapier of Musoedia {vamp, Dex+4}
   (You bought it in a shop on level 9 of the Dungeon)

   It occasionally heals its wielder for a portion of the damage dealt when it
   wounds a living foe.
   Dex:       It affects your dexterity (+4).
 Z - the +6 rapier of Blind Justice {vamp, rF++ Str-2}
   (You bought it in a shop on level 9 of the Dungeon)

   It occasionally heals its wielder for a portion of the damage dealt when it
   wounds a living foe.
   Str:       It affects your strength (-2).
   rF:        It greatly protects you from fire.
Missiles
 N - 2 throwing nets
Armour
 c - a +0 leather armour
 u - the +3 ring mail of Cheibriados's Respect {Regen+}
   (You found it on level 3 of the Dungeon)

   Regen:     It increases your rate of health regeneration.
 v - the +2 robe "Rabivef" (worn) {Int+4}
   (You found it on level 3 of the Dungeon)

   Int:       It affects your intelligence (+4).
 y - a +0 cloak (worn)
 A - a +0 pair of boots (worn)
 B - a +1 helmet (worn)
Magical Staves
 p - a staff of earth
Jewellery
 f - an amulet of magic regeneration
 i - a ring of ice
 k - an amulet of the acrobat (around neck)
 l - a +4 ring of slaying (left hand)
 t - a ring of resist corrosion
 T - an amulet of reflection
 V - a ring of poison resistance (right hand)
 Y - a ring of see invisible
Wands
 x - a wand of mindburst (15)
 O - a wand of flame (16)
 P - a wand of digging (7)
Scrolls
 e - 2 scrolls of vulnerability
 g - a scroll of magic mapping
 h - 4 scrolls of fear
 s - a scroll of poison
 C - a scroll of blinking
 D - 8 scrolls of teleportation
 E - 2 scrolls of summoning
 F - 2 scrolls of butterflies
 I - 2 scrolls of enchant armour
 J - a scroll of silence
 M - a scroll of noise
 Q - a scroll of enchant weapon
 U - 2 scrolls of immolation
 W - 5 scrolls of identify
Potions
 d - 2 potions of attraction {unknown}
 j - 3 potions of haste {unknown}
 m - 8 potions of curing {unknown}
 n - 3 potions of lignification {unknown}
 o - 8 potions of heal wounds
 q - 5 potions of might {unknown}
 r - 2 potions of cancellation {unknown}
 w - 6 potions of brilliance {unknown}
 z - a potion of resistance {unknown}
 G - 6 potions of magic {unknown}
 H - 3 potions of invisibility {unknown}
 K - a potion of degeneration {unknown}
 L - 3 potions of mutation {unknown}
 X - a potion of berserk rage {unknown}


   Skills:
 + Level 9.4 Fighting
 + Level 8.1 Short Blades
 + Level 8.1 Long Blades
 + Level 8.1 Axes
 + Level 8.1 Maces & Flails
 + Level 8.1 Polearms
 + Level 8.1 Staves
 + Level 11.7 Ranged Weapons
 + Level 8.1 Throwing
 + Level 8.1 Armour
 + Level 9.4 Dodging
 + Level 8.5 Stealth
 + Level 8.1 Shields
 + Level 8.1 Unarmed Combat
 + Level 8.1 Spellcasting
 + Level 6.7 Conjurations
 + Level 6.7 Hexes
 + Level 6.7 Summonings
 + Level 6.7 Necromancy
 + Level 6.7 Translocations
 + Level 6.7 Transmutations
 + Level 6.7 Fire Magic
 + Level 6.7 Ice Magic
 + Level 6.7 Air Magic
 + Level 6.7 Earth Magic
 + Level 6.7 Poison Magic
 + Level 8.9 Invocations
 + Level 8.1 Evocations


You had 18 spell levels left.
You knew the following spells:

 Your Spells              Type           Power      Damage    Failure   Level
a - Stone Arrow           Conj/Erth      44%        3d9       2%          3
b - Passwall              Tmut/Erth      18%        N/A       1%          2
c - Cause Fear            Hex            11%        N/A       9%          4

Your spell library contained the following spells:

 Spells                   Type           Power      Damage    Failure   Level
 Apportation              Tloc           44%        N/A       1%          1
 Kiss of Death            Conj/Necr      88%        2d12      1%          1
 Necrotise                Necr           88%        1d8       1%          1
 Sandblast                Erth           44%        2d11      1%          1
 Summon Small Mammal      Summ           88%        N/A       1%          1
 Sublimation of Blood     Necr           22%        N/A       1%          2
 Call Canine Familiar     Summ           22%        N/A       2%          3
 Inner Flame              Hex/Fire       22%        N/A       2%          3
 Ozocubu's Armour         Ice            22%        N/A       2%          3
 Portal Projectile        Hex/Tloc       44%        N/A       2%          3
 Summon Guardian Golem    Hex/Summ       22%        N/A       2%          3
 Animate Dead             Necr           22%        N/A       9%          4
 Flame Wave               Conj/Fire      22%        2d8       9%          4
 Leda's Liquefaction      Hex/Erth       11%        N/A       9%          4
 Sticky Flame             Conj/Fire      22%        2d4       9%          4
 Ozocubu's Refrigeration  Ice            11%        4d9       100%        7
 Discord                  Hex            11%        N/A       100%        8


Dungeon Overview and Level Annotations

Branches:
Dungeon (9/15)             Temple (1/1) D:6            Lair (3/5) D:8
  Swamp (0/4) Lair:2          Orc (0/2) D:9           Sewer (visited)
  Snake: Lair:2-3    Spider: Lair:2-3

Altars:
Ashenzari
Cheibriados
Dithmenos
Elyvilon
Fedhas
Gozag
Hepliaklqana
Kikubaaqudgha
Makhleb
Nemelex Xobeh
Okawaru
Qazlal
Ru
Sif Muna
Trog
Uskayaw
Vehumet
Yredelemnul
Zin
The Shining One

Shops:
D:5 !   D:9 [(*

Annotations:
D:1 2 runed translucent doors


Innate Abilities, Weirdness & Mutations

You have very sharp teeth.
Your uncanny sense of smell can sniff out nearby items.
Your experience applies equally to all skills.


Message History

Press: ? - help, Shift-Dir - straight line A rock wall.
The rock shatters into small pieces.
The death yak closely misses you. The death yak attacks as you move away!
The death yak closely misses you.
Okay, then.
Okay, then.
Okay, then.
You feel much better. The death yak gores you!
Okay, then.
Unknown command.
Aiming: Mindburst
Press: ? - help, Shift-Dir - straight line, f - death yak
Aim: a death yak (moderately wounded, chance to affect: 26%)
The death yak easily resists.
The death yak misses you.
Unknown command.
You shoot an arrow. The arrow hits the death yak.
The death yak is moderately wounded.
The death yak gores you.
You shoot an arrow. The arrow hits the death yak.
The death yak is heavily wounded.
The death yak completely misses you.
You shoot an arrow. The arrow hits the death yak!
The death yak is heavily wounded.
You shoot an arrow. The arrow hits the death yak.
The death yak is severely wounded.
The death yak misses you.
You shoot an arrow. The arrow hits the death yak!
The death yak is almost dead.
The death yak gores you!
You shoot an arrow. The arrow hits the death yak.
The death yak is almost dead.
The death yak gores you!!
* * * LOW HITPOINT WARNING * * *
You shoot an arrow.
The arrow completely misses the death yak.
The arrow barely misses the yak.
The arrow hits the yak!
The yak is moderately wounded.
The death yak gores you!!
You die...
Kikubaaqudgha rasps: "You have failed me!
Welcome... death!"

##................###...### ##.
...........#.....###....#.# ##
....#.....###.#.#.........# ###
..#........#.............## ##.##
.............P............###....
.P.#.............................
................#....##...###...#
...#........>...#....##...##.#P##
...............#@##.###....#####
..#.........YY#Y######....##
...#.......Y.#Y## ##...#
..###...#..##Y## #####
####.#....##### ##.....###
##.#....# ##....P# ###..##


You could see a death yak and 2 yaks.

Vanquished Creatures
  Erolcha (D:9)
  2 two-headed ogres
  A catoblepas (Lair:3)
  4 death yaks
  Pikel (D:6)
  3 elephants
  3 black mambas
  5 cane toads
  A rime drake (Lair:1)
  Maggie (D:7)
  5 komodo dragons (Lair:1)
  A troll (D:8)
  A polar bear (Lair:1)
  3 tyrant leeches (Lair:2)
  5 blink frogs (Lair:3)
  A ynoxinul (D:8)
  2 wyverns
  29 yaks
  2 steam dragons
  A swamp worm (Lair:2)
  2 wargs (D:9)
  An acid dragon (D:9)
  7 water moccasins
  2 hell hounds (Lair:1)
  5 orc warriors
  An ice beast (D:5)
  2 black bears
  2 ogres
  A sky beast (D:8)
  7 wolves
  A centaur (D:7)
  4 kobold brigands
  7 bullfrogs
  A gnoll sergeant (D:6)
  2 scorpions
  4 wights (D:7)
  A vampire bat (D:5)
  A howler monkey (D:7)
  A gnoll bouda (D:8)
  5 orc priests
  6 hounds
  2 jellies
  An iguana (D:4)
  5 orc wizards
  6 adders
  9 gnolls
  7 river rats
  A shadow imp (D:7)
  A white imp (D:7)
  2 worms
  A dart slug (D:1)
  2 fire bats (D:5)
  36 orcs
  2 spectral bats (D:5)
  11 ball pythons
  13 bats
  A bat simulacrum (D:5)
  3 bat skeletons (D:5)
  A bat zombie (D:5)
  2 endoplasms
  8 goblins
  12 hobgoblins
  11 jackals
  4 quokkas
  2 frilled lizards
  33 kobolds
  29 rats
340 creatures vanquished.

Vanquished Creatures (others)
  9 fungi
  28 plants
37 creatures vanquished.

Grand Total: 377 creatures vanquished

Notes
Turn   | Place    | Note
-------+----------+-------------------------------------------
     0 | D:1      | billz999 the Gnoll Hunter began the quest for the Orb.
     0 | D:1      | Reached XP level 1. HP: 20/20 MP: 1/1
    45 | D:1      | Reached XP level 2. HP: 14/26 MP: 2/2
   112 | D:1      | Found a large runed translucent door.
   112 | D:1      | Found a large runed translucent door.
   122 | D:1      | Noticed an orc warrior
   548 | D:1      | Reached XP level 3. HP: 31/31 MP: 3/3
  1198 | D:2      | Reached skill level 1 in Invocations
  1418 | D:2      | Reached skill level 1 in Short Blades
  1418 | D:2      | Reached skill level 1 in Long Blades
  1418 | D:2      | Reached skill level 1 in Axes
  1418 | D:2      | Reached skill level 1 in Maces & Flails
  1418 | D:2      | Reached skill level 1 in Polearms
  1418 | D:2      | Reached skill level 1 in Staves
  1418 | D:2      | Reached skill level 1 in Throwing
  1418 | D:2      | Reached skill level 1 in Armour
  1418 | D:2      | Reached skill level 1 in Shields
  1418 | D:2      | Reached skill level 1 in Unarmed Combat
  1418 | D:2      | Reached skill level 1 in Spellcasting
  1418 | D:2      | Reached skill level 1 in Evocations
  1772 | D:3      | Identified the +3 ring mail of Cheibriados's Respect
                  | {Regen+}
  1790 | D:3      | Reached XP level 4. HP: 22/38 MP: 5/5
  1971 | D:3      | Identified the +2 robe "Rabivef" {Int+4}
  2157 | D:3      | Reached skill level 1 in Conjurations
  2157 | D:3      | Reached skill level 1 in Hexes
  2157 | D:3      | Reached skill level 1 in Summonings
  2157 | D:3      | Reached skill level 1 in Necromancy
  2157 | D:3      | Reached skill level 1 in Translocations
  2157 | D:3      | Reached skill level 1 in Transmutations
  2157 | D:3      | Reached skill level 1 in Fire Magic
  2157 | D:3      | Reached skill level 1 in Ice Magic
  2157 | D:3      | Reached skill level 1 in Air Magic
  2157 | D:3      | Reached skill level 1 in Earth Magic
  2157 | D:3      | Reached skill level 1 in Poison Magic
  2352 | D:3      | Found a blossoming altar of Fedhas.
  2826 | D:3      | Reached XP level 5. HP: 34/43 MP: 7/7
  3011 | D:4      | Found a snail-covered altar of Cheibriados.
  3035 | D:4      | Reached XP level 6. HP: 50/50 MP: 8/8
  3351 | D:5      | Entered Level 5 of the Dungeon
  3357 | D:5      | Found Huzafeor's Distillery.
  3357 | D:5      | Noticed a black bear
  3365 | D:5      | Killed a black bear
  3366 | D:5      | Reached skill level 5 in Fighting
  3366 | D:5      | Reached skill level 5 in Dodging
  3421 | D:5      | Bought a potion of heal wounds for 70 gold pieces
  3652 | D:5      | Reached XP level 7. HP: 56/56 MP: 10/10
  3744 | D:5      | Found a glowing drain.
  3757 | Sewer    | Entered a sewer
  3924 | Sewer    | Reached skill level 9 in Ranged Weapons
  4360 | D:5      | Noticed a steam dragon
  4369 | D:5      | Killed a steam dragon
  4370 | D:5      | Reached XP level 8. HP: 54/63 MP: 12/12
  4522 | D:5      | Noticed a two-headed ogre
  4526 | D:5      | HP: 3/64 [two-headed ogre/+0 giant club (14)]
  4527 | D:5      | Killed a two-headed ogre
  4528 | D:5      | Reached XP level 9. HP: 4/69 MP: 12/14
  4813 | D:5      | Reached skill level 5 in Stealth
  5168 | D:5      | Learned a level 3 spell: Stone Arrow
  5171 | D:5      | Learned a level 2 spell: Passwall
  5207 | D:5      | Reached skill level 5 in Invocations
  5884 | D:6      | Noticed Pikel
  5898 | D:6      | Killed Pikel
  5899 | D:6      | Reached skill level 5 in Short Blades
  5899 | D:6      | Reached skill level 5 in Long Blades
  5899 | D:6      | Reached skill level 5 in Axes
  5899 | D:6      | Reached skill level 5 in Maces & Flails
  5899 | D:6      | Reached skill level 5 in Polearms
  5899 | D:6      | Reached skill level 5 in Staves
  5899 | D:6      | Reached skill level 5 in Throwing
  5899 | D:6      | Reached skill level 5 in Armour
  5899 | D:6      | Reached skill level 5 in Shields
  5899 | D:6      | Reached skill level 5 in Unarmed Combat
  5899 | D:6      | Reached skill level 5 in Spellcasting
  5899 | D:6      | Reached skill level 5 in Evocations
  5899 | D:6      | Reached XP level 10. HP: 40/77 MP: 3/17
  6300 | D:6      | Found a faded altar of an unknown god.
  6304 | D:6      | Found a staircase to the Ecumenical Temple.
  6329 | Temple   | Entered the Ecumenical Temple
  6461 | D:6      | Reached skill level 10 in Ranged Weapons
  6945 | D:7      | Noticed Maggie
  7149 | D:7      | Killed Maggie
  7658 | D:8      | Found a bloodstained altar of Trog.
  7752 | D:8      | Found a shimmering blue altar of Sif Muna.
  7791 | D:8      | Got Sif Muna's Anthology of Attendants and Jinxing
  8072 | D:8      | Found a sacrificial altar of Ru.
  8173 | D:8      | Found a staircase to the Lair.
  8297 | D:8      | Found an opulent altar of Gozag.
  8297 | D:8      | Found an ancient bone altar of Kikubaaqudgha.
  8315 | D:8      | Found an iron altar of Okawaru.
  8321 | D:8      | Became a worshipper of Kikubaaqudgha
  8700 | D:9      | Noticed a two-headed ogre
  8707 | D:9      | Reached skill level 5 in Conjurations
  8707 | D:9      | Reached skill level 5 in Hexes
  8707 | D:9      | Reached skill level 5 in Summonings
  8707 | D:9      | Reached skill level 5 in Necromancy
  8707 | D:9      | Reached skill level 5 in Translocations
  8707 | D:9      | Reached skill level 5 in Transmutations
  8707 | D:9      | Reached skill level 5 in Fire Magic
  8707 | D:9      | Reached skill level 5 in Ice Magic
  8707 | D:9      | Reached skill level 5 in Air Magic
  8707 | D:9      | Reached skill level 5 in Earth Magic
  8707 | D:9      | Reached skill level 5 in Poison Magic
  8708 | D:9      | Killed a two-headed ogre
  8709 | D:9      | Reached XP level 11. HP: 85/85 MP: 15/20
  8901 | D:9      | Found Adiuzim's Assorted Antiques.
  8909 | D:9      | Bought a potion of heal wounds for 120 gold pieces
  8986 | D:9      | Found Lyxtah's Antique Weapon Shoppe.
  9049 | D:9      | Noticed Erolcha
  9055 | D:9      | Killed Erolcha
  9145 | D:9      | Found a staircase to the Orcish Mines.
  9740 | D:9      | Found Suuli's Armour Shoppe.
 10098 | Lair:1   | Entered Level 1 of the Lair of Beasts
 10167 | Lair:1   | Reached * piety under Kikubaaqudgha
 10167 | Lair:1   | Received a gift from Kikubaaqudgha
 10173 | Lair:1   | Learned a level 4 spell: Cause Fear
 10339 | Lair:1   | Reached skill level 11 in Ranged Weapons
 10945 | Lair:1   | Reached XP level 12. HP: 94/94 MP: 22/22
 11908 | Lair:2   | Identified a scroll of acquirement
 11909 | Lair:2   | Acquired 1098 gold pieces
 12003 | D:9      | Bought a steaming rapier for 270 gold pieces
 12003 | D:9      | Identified the +7 rapier of Musoedia {vamp, Dex+4} (You
                  | bought it in a shop on level 9 of the Dungeon)
 12003 | D:9      | Bought an ichor-stained rapier for 270 gold pieces
 12003 | D:9      | Identified the +6 rapier of Blind Justice {vamp, rF++
                  | Str-2} (You bought it in a shop on level 9 of the Dungeon)
 12003 | D:9      | Bought a transparent shortbow for 240 gold pieces
 12003 | D:9      | Identified the +10 shortbow "Fyfanniff" {vorpal, rPois rN+
                  | Str-3} (You bought it in a shop on level 9 of the Dungeon)
 12126 | Lair:2   | Found a staircase to the Swamp.
 12307 | Lair:2   | Reached ** piety under Kikubaaqudgha
 12409 | Lair:2   | Found a shimmering blue altar of Sif Muna.
 12761 | Lair:3   | Noticed a catoblepas
 12824 | Lair:3   | Killed a catoblepas
 13100 | Lair:3   | Noticed a death yak
 13101 | Lair:3   | Noticed a death yak
 13102 | Lair:3   | Noticed a death yak
 13126 | Lair:2   | Killed a death yak
 13146 | Lair:3   | Noticed a death yak
 13148 | Lair:3   | Noticed a death yak
 13149 | Lair:3   | Noticed a death yak
 13150 | Lair:3   | Noticed a death yak
 13151 | Lair:3   | Killed a death yak
 13190 | Lair:3   | Noticed a death yak
 13194 | Lair:3   | Killed a death yak
 13204 | Lair:2   | Killed a death yak
 13223 | Lair:3   | Noticed a death yak
 13223 | Lair:3   | Noticed a death yak
 13244 | Lair:2   | Mangled by a death yak

Illustrated notes

Levels and vault maps discovered:
D:1:      erik_arrival_cave_to_civilisation [erik_arrival_cave_to_temple],
          layout_loops_ring
D:2:      layout_loops_ring
D:3:      wad_woods_pond, layout_basic, mainiacjoe_overflow_alcove_1,
          kennysheep_generic_room_14
D:4:      layout_rooms, mainiacjoe_overflow_paths
D:5:      layout_basic, serial_shops, nicolae_shop_crystal,
          cheibrodos_sewer_entry_sluice, nicolae_concentric_dashed_squares_wild,
          goddamned_bats
D:6:      layout_loops_cross, nicolae_temple_entry_ecumenical, kennysheep_boxes,
          uniq_pikel
D:7:      layout_rooms, nicolae_fountain_basement, uniq_maggie
D:8:      layout_loops_ring, nzn_overflow_gifts_of_might_and_magic,
          grunt_temple_overflow_diamond, general_overflow_altar,
          dpeg_oklobed_lair, serial_bayou_pond_e
D:9:      layout_irregular_city, david_orc_1_choice, serial_shops, shop, shop,
          nicolae_shop_hallway_stairs, uniq_erolcha
Temple:   nicolae_temple_x_marks_the_god
Lair:1:   layout_misc_corridors, enter_volcano_3
Lair:2:   layout_misc_corridors, minmay_swamp_entry_worms, basic_altar
Lair:3:   statuecave_lemuel, layout_cave_shapes,
          hellmonk_spider_entry_not_the_bees, grunt_megastairs_5,
          lemuel_fruit_fields

Skill      XL: |  1  2  3  4  5  6  7  8  9 10 11 12 |
---------------+-------------------------------------+-----
Invocations    | 1 2 3 4 5 6 7 8 |  8.9
Short Blades   | 1 2 3 5 6 7 8 |  8.1
Long Blades    | 1 2 3 5 6 7 8 |  8.1
Axes           | 1 2 3 5 6 7 8 |  8.1
Maces & Flails | 1 2 3 5 6 7 8 |  8.1
Polearms       | 1 2 3 5 6 7 8 |  8.1
Staves         | 1 2 3 5 6 7 8 |  8.1
Throwing       | 1 2 3 5 6 7 8 |  8.1
Armour         | 1 2 3 5 6 7 8 |  8.1
Shields        | 1 2 3 5 6 7 8 |  8.1
Unarmed Combat | 1 2 3 5 6 7 8 |  8.1
Spellcasting   | 1 2 3 5 6 7 8 |  8.1
Evocations     | 1 2 3 5 6 7 8 |  8.1
Conjurations   | 1 2 3 4 5 6 |  6.7
Hexes          | 1 2 3 4 5 6 |  6.7
Summonings     | 1 2 3 4 5 6 |  6.7
Necromancy     | 1 2 3 4 5 6 |  6.7
Translocations | 1 2 3 4 5 6 |  6.7
Transmutations | 1 2 3 4 5 6 |  6.7
Fire Magic     | 1 2 3 4 5 6 |  6.7
Ice Magic      | 1 2 3 4 5 6 |  6.7
Air Magic      | 1 2 3 4 5 6 |  6.7
Earth Magic    | 1 2 3 4 5 6 |  6.7
Poison Magic   | 1 2 3 4 5 6 |  6.7
Stealth        | 3 4 5 6 7 8 |  8.5
Fighting       | 5 6 7 8 9 |  9.4
Dodging        | 5 6 7 8 9 |  9.4
Ranged Weapons | 9 10 11 | 11.7

Action                   |  1- 3 |  4- 6 |  7- 9 | 10-12 || total
-------------------------+-------+-------+-------+-------++-------
 Fire: Shortbow          |   100 |   112 |   275 |   197 ||   684
       Arbalest          |       |       |       |   352 ||   352
 Cast: Stone Arrow       |       |       |     6 |    18 ||    24
       Passwall          |       |       |       |     2 ||     2
Evoke: Wand              |       |       |     3 |    16 ||    19
  Use: Scroll            |     1 |     1 |       |    17 ||    19
       Potion            |       |       |       |     3 ||     3
Armor: Leather armour    |     8 |       |       |       ||     8
       Robe              |       |    19 |    54 |    87 ||   160
       Ring mail         |       |     1 |       |       ||     1
Dodge: Dodged            |    28 |    30 |   151 |   284 ||   493

Table legend: (Time is in decaauts)
 A = Elapsed time spent in this place.
 B = Non-inter-level travel time spent in this place.
 C = Inter-level travel time spent in this place.
 D = Time resting spent in this place.
 E = Time spent auto-exploring this place.
 F = Levels seen in this place.
 G = Mean time per level.
                   A        B        C        D        E       F      G
               +--------+--------+--------+--------+--------+-----+--------+
         Total |  13439 |  12662 |    777 |   1327 |   9331 |  14 |  959.9 |
       Dungeon |   9655 |   9132 |    523 |    639 |   7127 |   9 | 1072.8 |
        Temple |    103 |     51 |     52 |      0 |     46 |   1 |  103.0 |
          Lair |   3084 |   2882 |    202 |    688 |   1726 |   3 | 1028.0 |
         Sewer |    595 |    595 |      0 |      0 |    432 |   1 |  595.0 |
               +--------+--------+--------+--------+--------+-----+--------+

Top non-repeatable levels by time:
     D:5: 1644 daAuts
  Lair:1: 1640 daAuts
     D:9: 1552 daAuts
     D:3: 1175 daAuts
     D:8: 1157 daAuts
  Lair:2: 1090 daAuts
     D:6: 1018 daAuts
     D:1: 944 daAuts
     D:7: 899 daAuts
     D:2: 769 daAuts
   Sewer: 595 daAuts
     D:4: 494 daAuts
  Lair:3: 354 daAuts
  Temple: 103 daAuts
